 Dungeon Crawl Stone Soup version 0.19-a0-1401-g902f63d (webtiles) character file.

24993 Amnesiac the Spear-Bearer (level 12, -5/89 HPs)
             Began as a Demigod Fighter on Sept 5, 2016.
             Slain by a spiny frog (19 damage)
             ... on level 6 of the Lair of Beasts.
             The game lasted 00:29:49 (17499 turns).

Amnesiac the Spear-Bearer (Demigod Fighter)        Turns: 17499, Time: 00:29:50

Health: -5/89      AC: 18    Str: 19    XL:     12   Next: 50%
Magic:  15/15      EV: 15    Int: 14    God:
Gold:   709        SH:  9    Dex: 21    Spells: 2 memorised, 8 levels left

rFire  + . .     SeeInvis .     w - +4 hand axe (pain)
rCold  . . .     Gourm    .     s - +1 ring mail {rF+}
rNeg   . . .     Faith    .     o - +1 buckler
rPois  .         Spirit   .     B - +0 helmet
rElec  .         Dismiss  .     C - +2 cloak
rCorr  .         Reflect  .     P - +2 pair of gloves
MR     +....     Harm     +     (no boots)
Stlth  +.........               c - amulet of harm
                                U - ring of ice
                                T - ring of fire

@: lethally poisoned (-5 -> -29), about to teleport
A: talons 1, large bone plates 1, thin metallic scales 1, high mp 1, sense
surroundings 1, screaming 1, evolution 1
a: no special abilities


You were on level 6 of the Lair of Beasts.
You were very hungry.

You visited 2 branches of the dungeon, and saw 14 of its levels.

You collected 709 gold pieces.

Inventory:

Hand Weapons
 b - a +2 spear of venom
 w - a +4 hand axe of pain (weapon)
Armour
 a - a +0 large shield
 o - a +1 buckler (worn)
 s - a +1 ring mail of fire resistance (worn)
 B - a +0 helmet (worn)
 C - a +2 cloak (worn)
 P - a +2 pair of gloves (worn)
Magical Staves
 u - an uncursed staff of death
Jewellery
 c - an amulet of harm (around neck)
 h - an uncursed ring of protection from fire
 j - an uncursed ring of see invisible
 p - an uncursed ring of positive energy
 T - a ring of fire (left hand)
 U - a ring of ice (right hand)
 W - an uncursed ring of protection from cold
 X - an uncursed amulet of magic regeneration
Wands
 g - a wand of digging (13/24)
 J - a wand of flame (23/48)
 K - a wand of acid (2/15)
 N - a wand of iceblast (7/15)
 O - a wand of teleportation (6/9)
 V - a wand of paralysis (14/24)
Scrolls
 k - 9 scrolls of remove curse
 l - 3 scrolls of enchant armour
 t - a scroll of acquirement {unknown}
 v - a scroll of teleportation
 A - 4 scrolls of amnesia
 D - 4 scrolls of identify
 M - 5 scrolls of fear
 Y - 3 scrolls of magic mapping
Potions
 d - 2 potions of might
 e - 2 potions of brilliance {unknown}
 i - 2 potions of flight
 m - 4 potions of curing
 r - a potion of cancellation {unknown}
 x - a potion of haste {unknown}
 z - 6 potions of ambrosia
 G - a potion of heal wounds
 Q - a potion of beneficial mutation {unknown}
Books
 n - a book of Summonings

   Spells                             Type                      Level
   a - Recall                         Summoning/Translocation      3
   b - Aura of Abjuration             Summoning                    5
   c - Summon Demon                   Summoning                    5
   d - Summon Forest                  Summoning/Translocation      5
   e - Summon Mana Viper              Hexes/Summoning              5
   f - Shadow Creatures               Summoning                    6
 y - a book of Frost

   Spells                             Type                      Level
   a - Freeze                         Ice                          1
   b - Throw Frost                    Conjuration/Ice              2
   c - Ozocubu's Armour               Charms/Ice                   3
   d - Throw Icicle                   Conjuration/Ice              4
   e - Summon Ice Beast               Ice/Summoning                4
 E - a book of the Earth

   Spells                             Type                      Level
   a - Leda's Liquefaction            Hexes/Earth                  4
   b - Bolt of Magma                  Conjuration/Fire/Earth       5
   c - Statue Form                    Transmutation/Earth          6
   d - Iron Shot                      Conjuration/Earth            6
   e - Shatter                        Earth                        9
 L - a book of Misfortune

   Spells                             Type                      Level
   a - Confusing Touch                Hexes                        1
   b - Confuse                        Hexes                        3
   c - Gell's Gravitas                Hexes/Translocation          3
   d - Petrify                        Transmutation/Earth          4
   e - Metabolic Englaciation         Hexes/Ice                    5
   f - Yara's Violent Unravelling     Hexes/Transmutation          5
 S - a Fen Folio

   Spells                             Type                      Level
   a - Corpse Rot                     Necromancy                   2
   b - Stone Arrow                    Conjuration/Earth            3
   c - Leda's Liquefaction            Hexes/Earth                  4
   d - Summon Forest                  Summoning/Translocation      5
   e - Hydra Form                     Transmutation                6
   f - Summon Hydra                   Summoning                    7
Comestibles
 f - 9 bread rations
 q - a beef jerky
 F - 16 fruits
 H - a royal jelly
 I - 2 slices of pizza
 Z - a meat ration


   Skills:
 - Level 3.0 Fighting
 + Level 12.0(13.8) Axes
 - Level 12.0(13.8) Polearms
 - Level 3.0 Armour
 - Level 5.5 Dodging
 - Level 4.0 Shields
 - Level 8.4 Necromancy


You had 8 spell levels left.
You knew the following spells:

 Your Spells              Type           Power        Failure   Level  Hunger
d - Corpse Rot            Necr           N/A          2%          2    ###....
z - Confusing Touch       Hex            #.....       50%         1    ##.....


Dungeon Overview and Level Annotations

Branches:
Dungeon (8/15)             Temple (0/1) D:5            Lair (5/6) D:8
 Shoals (0/4) Lair:3       Spider (0/4) Lair:2
  Slime: Lair:5-6

Annotations:
Lair:3 Snorg


Innate Abilities, Weirdness & Mutations

You have an increased reservoir of magic. (+10% MP)
You have sharp toenails.
You are partially covered in large bone plates. (AC +2, SH +2)
You are partially covered in thin metallic scales. (AC +2)
You passively map a small area around you.
You occasionally shout uncontrollably at your foes.
You evolve.


Message History

The vampire mosquito draws strength from your injuries!
The spiny frog stings you!
You are more poisoned.
The spiny frog poisons you!
You closely miss the spiny frog.
The spiny frog is moderately wounded.
You hit the spiny frog but do no damage.
The spiny frog writhes in agony.
You hit the vampire mosquito.
You feel sick. The vampire mosquito bites you.
The vampire mosquito draws strength from your injuries!
The spiny frog stings you! The spiny frog completely misses you.
Okay, then.
As you read the scroll of teleportation, it crumbles to dust.
You feel strangely unstable.
You feel very sick.
The vampire mosquito bites you but does no damage.
The vampire mosquito misses you. The spiny frog stings you! x2
* * * LOW HITPOINT WARNING * * *
The spiny frog stings you!
You die...

#......##.. ≈ ≈ , *
#.......... ≈ ,**
##.........P , #...........
≈ * ### **#......... * *
#.#### ##........ *
##...P###......... ≈ ,
#FF............... ≈ ,
#@F............... ≈ ,*
##yF.............P ≈≈.
#####wF..........†...
≈≈.P.###.##........#...P....
≈
≈≈.F.Fw...FFF...P...#...##..
≈
≈≈≈.;.F.FFw.....[P.....#.PP.
≈≈≈≈F..........PP..#....P...
.≈≈.;.......................
≈≈≈.........................


You could see a giant leech, 4 spiny frogs, a vampire mosquito and 2 giant
frogs.

Vanquished Creatures
  Kirke (Lair:3)
  Nessos (Lair:5)
  Harold (Lair:3)
  A hydra (Lair:4)
  Fannar (Lair:1)
  A death yak (D:8)
  Pikel (D:8)
  A necromancer (Lair:3)
  Joseph (Lair:1)
  A siren (Lair:3)
  5 black mambas
  A torpor snail (Lair:5)
  6 spiny frogs
  3 rime drakes
  4 komodo dragons
  The ghost of braks the Skirmisher, an amateur CeGl (D:4)
  10 blink frogs
  2 dream sheep (Lair:5)
  2 basilisks
  15 yaks
  7 hogs (Lair:3)
  7 hippogriffs
  2 vampire mosquitoes (Lair:6)
  9 water moccasins
  11 porcupines
  An ice beast (D:6)
  A black bear (Lair:3)
  4 slaves (D:8)
  2 phantoms (D:8)
  2 sky beasts (D:7)
  A necrophage (D:5)
  3 wolves (Lair:3)
  2 centaurs
  An ogre (D:6)
  6 crocodiles
  12 giant frogs
  A wyvern zombie (D:8)
  2 scorpions (D:6)
  3 wights (D:8)
  A howler monkey (D:5)
  2 electric eels
  A crimson imp (D:8)
  6 hounds
  A jelly (D:8)
  A centaur skeleton (D:5)
  A giant frog skeleton (D:7)
  3 worker ants
  8 iguanas
  2 orc wizards (D:4)
  3 polar bear simulacra (Lair:3)
  3 yak simulacra (Lair:3)
  A killer bee zombie (D:7)
  A wolf simulacrum (Lair:3)
  A worker ant zombie (D:5)
  A gnoll (D:1)
  7 adders
  43 river rats
  A shadow imp (D:6)
  2 oozes (D:2)
  An adder skeleton (D:8)
  2 worms
  A dart slug (D:2)
  7 giant geckos
  15 orcs
  8 giant cockroaches
  6 goblins
  8 hobgoblins
  3 jackals (D:8)
  9 quokkas
  A ball python (D:5)
  10 bats
  A giant gecko skeleton (D:6)
  8 giant newts
  6 kobolds
  A quokka zombie (D:8)
  8 rats
  4 river rat simulacra (Lair:3)
  A fungus (Lair:3)
325 creatures vanquished.

Vanquished Creatures (others)
  4 fungi
  6 plants
10 creatures vanquished.

Grand Total: 335 creatures vanquished

Notes
Turn   | Place    | Note
-------+----------+-------------------------------------------
     0 | D:1      | Amnesiac the Demigod Fighter began the quest for the Orb.
     0 | D:1      | Reached XP level 1. HP: 18/18 MP: 3/3
   448 | D:1      | Reached XP level 2. HP: 24/25 MP: 4/4
   792 | D:1      | Reached XP level 3. HP: 31/31 MP: 5/5
  1164 | D:2      | Found a shimmering altar of Xom.
  1269 | D:2      | Found a hazy altar of Hepliaklqana.
  1269 | D:2      | Found a sacrificial altar of Ru.
  1270 | D:2      | Found a shattered altar of Ashenzari.
  1439 | D:2      | Found an iron altar of Okawaru.
  1596 | D:3      | Reached XP level 4. HP: 29/38 MP: 6/6
  1694 | D:3      | Noticed an ogre
  2366 | D:3      | Found a bloodstained altar of Trog.
  2575 | D:3      | You fall through a shaft for 3 floors!
  2580 | D:6      | Noticed an ogre
  2588 | D:6      | Killed an ogre
  2588 | D:6      | Reached XP level 5. HP: 20/45 MP: 7/7
  2826 | D:6      | Found a hide-covered altar of Uskayaw.
  2974 | D:6      | Reached XP level 6. HP: 35/51 MP: 8/8
  3189 | D:6      | Reached skill level 5 in Polearms
  3402 | D:6      | Found a shadowy altar of Dithmenos.
  3446 | D:6      | Found a stormy altar of Qazlal.
  3551 | D:5      | Entered Level 5 of the Dungeon
  3814 | D:5      | Found a staircase to the Ecumenical Temple.
  3861 | D:5      | Reached XP level 7. HP: 57/57 MP: 9/9
  4201 | D:4      | Noticed braks's ghost (amateur CeGl)
  4346 | D:3      | Gained mutation: You are partially covered in thin metallic scales. (AC +2) [potion of mutation]
  4346 | D:3      | Gained mutation: You evolve. [potion of mutation]
  4346 | D:3      | Gained mutation: Armour fits poorly on your strangely shaped body. [potion of mutation]
  4488 | D:4      | Gained mutation: You are partially covered in large bone plates. (AC +2, SH +2) [potion of mutation]
  4488 | D:4      | Lost mutation: Armour fits poorly on your strangely shaped body. [potion of mutation]
  4521 | D:4      | Killed braks's ghost
  4615 | D:4      | Found a white marble altar of Elyvilon.
  4780 | D:4      | Found a glowing silver altar of Zin.
  4780 | D:4      | Found a deep blue altar of Sif Muna.
  4846 | D:5      | Got an encrusted ring mail
  4872 | D:5      | Identified the +1 ring mail "Xypn" {-Tele rN++ Str+8 Slay-3} (You found it on level 5 of the Dungeon)
  5520 | D:7      | Reached XP level 8. HP: 63/63 MP: 10/10
  5527 | D:7      | Gained mutation: You have a pair of small horns on your head. [mutagenic meat]
  5530 | D:7      | Lost mutation: You have a pair of small horns on your head. [mutagenic meat]
  5533 | D:7      | Gained mutation: You have sharp toenails. [mutagenic meat]
  5536 | D:7      | Gained mutation: You passively map a small area around you. [mutagenic meat]
  6087 | D:7      | Gained mutation: You are clumsy. (Dex -2) [mutagenic meat]
  6090 | D:7      | Gained mutation: You occasionally shout uncontrollably at your foes. [mutagenic meat]
  6359 | D:8      | Noticed Pikel
  6392 | D:8      | Killed Pikel
  6392 | D:8      | Reached skill level 10 in Polearms
  6608 | D:8      | Found a staircase to the Lair.
  6610 | D:8      | Noticed a death yak
  6677 | D:8      | Killed a death yak
  6677 | D:8      | Reached XP level 9. HP: 45/69 MP: 11/11
  7112 | D:8      | Reached skill level 1 in Dodging
  7300 | D:8      | Gained mutation: You are partially covered in icy blue scales. (AC +2) [evolution]
  7816 | Lair:1   | Entered Level 1 of the Lair of Beasts
  7836 | Lair:1   | Noticed Joseph
  7877 | Lair:1   | Killed Joseph
  7964 | Lair:1   | Noticed a komodo dragon
  7984 | Lair:1   | Killed a komodo dragon
  8157 | Lair:1   | Reached skill level 5 in Dodging
  8229 | Lair:1   | Noticed a spiny frog
  8234 | Lair:1   | Learned a level 2 spell: Corpse Rot
  8236 | Lair:1   | Learned a level 1 spell: Confusing Touch
  8257 | Lair:1   | Killed a spiny frog
  8257 | Lair:1   | Reached XP level 10. HP: 48/77 MP: 13/13
  8491 | Lair:1   | Reached skill level 1 in Necromancy
  8626 | Lair:1   | Noticed a black mamba
  8642 | Lair:1   | Killed a black mamba
  8820 | Lair:1   | Lost mutation: You are clumsy. (Dex -2) [evolution]
  8980 | Lair:1   | Reached skill level 5 in Necromancy
  9113 | Lair:1   | Noticed Fannar
  9151 | Lair:1   | Killed Fannar
  9790 | Lair:2   | Found a hole to the Spider Nest.
 10267 | Lair:2   | Lost mutation: You are partially covered in icy blue scales. (AC +2) [evolution]
 10308 | Lair:2   | Reached XP level 11. HP: 82/82 MP: 14/14
 10592 | Lair:2   | Reached skill level 1 in Axes
 12353 | Lair:3   | Noticed Harold
 12369 | Lair:3   | Killed Harold
 12369 | Lair:3   | Reached skill level 5 in Axes
 12664 | Lair:3   | Found a staircase to the Shoals.
 12816 | Lair:3   | Noticed a necromancer
 12827 | Lair:3   | Killed a necromancer
 13259 | Lair:3   | Got a pitted scale mail
 13270 | Lair:3   | Identified the +1 scale mail of Poc Bunt {rPois} (You found it on level 3 of the Lair of Beasts)
 13727 | Lair:4   | Got a warped war axe
 13728 | Lair:4   | Identified the +2 war axe of the Ship {venom, rN+ MR- Int+3 Dex+2} (You found it on level 4 of the Lair of Beasts)
 13866 | Lair:4   | Noticed a four-headed hydra
 13922 | Lair:4   | Noticed Kirke
 13927 | Lair:4   | Noticed Snorg
 14369 | Lair:4   | Noticed a harpy
 14371 | Lair:4   | Noticed a harpy
 14371 | Lair:4   | Noticed a sphinx
 14494 | Lair:3   | Killed Kirke
 14620 | Lair:3   | Reached XP level 12. HP: 41/89 MP: 15/15
 15682 | Lair:4   | Killed a four-headed hydra
 15682 | Lair:4   | Reached skill level 10 in Axes
 16829 | Lair:5   | Noticed Nessos
 16844 | Lair:5   | Killed Nessos
 17397 | Lair:5   | Found a basalt altar of Yredelemnul.
 17421 | Lair:5   | You fall through a shaft!
 17421 | Lair:6   | Entered Level 6 of the Lair of Beasts
 17499 | Lair:6   | Slain by a spiny frog

Vault maps used:
D:1:      dpeg_arrival_renting, hangedman_abyss_or_decor_stabs, minmay_cut_off
D:2:      nicolae_overflow_quartered_altars, tgw_xom, first_bread
D:3:      lemuel_crystal_altar, kennysheep_generic_room_13
D:4:      nicolae_overflow_crystal_walls, gammafunk_temple_overflow_wave
D:6:      lemuel_crystal_altar, kennysheep_mini, grunt_dithmenos_shadows
D:8:      dpeg_lair_monsters, uniq_pikel
Lair:1:   uniq_fannar, uniq_joseph
Lair:2:   dummy_spider_entry
Lair:3:   elwin_shoals_entry_rooms, eino_house_with_fridge, lemuel_fruit_fields,
          uniq_harold
Lair:4:   uniq_kirke, uniq_snorg
Lair:5:   minmay_slime_entry_oklob_enclosed, basic_altar, guppyfry_lair_drakes,
          bh_autumn_forest_stairs, grunt_megastairs_2, serial_bayou_shore_a,
          serial_bayou_shore_b, uniq_nessos
Lair:6:   minmay_lair_end_frog_pond

Skill      XL: |  1  2  3  4  5  6  7  8  9 10 11 12 |
---------------+-------------------------------------+-----
Shields        | 3 4 |  4.0
Armour         | 3 |  3.0
Fighting       | 3 |  3.0
Polearms       | 2 3 4 6 8 11 12 | 12.0
Dodging        | 5 |  5.5
Necromancy     | 8 |  8.4
Axes           | 9 12 | 12.0

Action                   |  1- 3 |  4- 6 |  7- 9 | 10-12 || total
-------------------------+-------+-------+-------+-------++-------
Melee: Short sword       |    84 |       |       |       ||    84
       Trident           |   109 |   167 |   693 |   169 ||  1138
       Kick              |       |       |   164 |   342 ||   506
       Hand axe          |       |       |       |   654 ||   654
       Staff             |       |       |       |    20 ||    20
Evoke: Wand              |       |       |       |     1 ||     1
  Use: Scroll            |     5 |     1 |     5 |    14 ||    25
       Potion            |       |     1 |     5 |     1 ||     7
 Stab: Distracted        |       |       |     1 |       ||     1
       Sleeping          |       |       |     1 |       ||     1
  Eat: Chunk             |     1 |     9 |    24 |    14 ||    48
       Meat ration       |       |       |       |     2 ||     2
       Bread ration      |       |       |       |     1 ||     1
Armor: Scale mail        |    55 |       |       |       ||    55
       Ring mail         |    27 |    42 |   178 |   238 ||   485
       Skin              |       |       |    25 |       ||    25
Dodge: Dodged            |    47 |    57 |   174 |   424 ||   702
Block: Shield            |    52 |       |       |       ||    52
       Buckler           |    17 |    31 |   167 |   302 ||   517
